AoeStats
← CasquetE

Arabia

509244789Analyzed
4v4 RM · 8d ago on Sep 26, 2026· 49m 3s· 8 players
Game mode
Random Map
Map size
Large (8 player)
Population
200
Speed
Normal
Resources
Standard
Victory
Conquest
Starting age
Dark Age
Ending age
Imperial Age
RankedLock teamsTeams togetherTeam positionsShared explorationLock speedFull tech treeHidden civsTurbo modeCheats
Victory
Defeat
🇨🇱 Italians · Chile
1181
+10
🇦🇷 Georgians · Argentina
1105
+13
🇦🇷 Vietnamese · Argentina
1091
+14
🇦🇷 Byzantines · Argentina
1002
+17
🇲🇽 Teutons · Mexico
1103
-16
🇲🇽 Saracens · Mexico
1080
-15
🇲🇽 Malians · Mexico
1032
-13
🇺🇸 Khmer · United States
947
-10
scorpio
7:45 Loom
11:35 Feudal Age
13:17 Double-Bit Axe
18:55 Fletching
21:03 Horse Collar
24:20 Castle Age
34:36 Fervor
34:55 Sanctity
40:40 Sanctity
mtph
5:34 Loom
9:35 Feudal Age
11:24 Man-at-Arms
23:42 Castle Age
21:31 Horse Collar
23:16 Double-Bit Axe
26:51 Scale Barding Armor
26:57 Forging
26:48 Scale Mail Armor
27:22 Husbandry
28:36 Fletching
31:11 Tigui
34:52 Bloodlines
38:08 Chain Barding Armor
magnanimus18
8:32 Loom
10:20 Feudal Age
8:35 Loom
30:53 Castle Age
33:38 Pikeman
33:55 Elite Skirmisher
37:40 Forging
37:30 Scale Mail Armor
37:35 Scale Barding Armor
37:20 Fletching
37:30 Padded Archer Armor
VolJeen
1:28 Loom
9:49 Feudal Age
10:31 Double-Bit Axe
13:15 Horse Collar
22:31 Castle Age
21:30 Fletching
21:51 Forging
22:19 Padded Archer Armor
22:21 Scale Mail Armor
22:30 Gold Mining
24:38 Elite Skirmisher
27:51 Bodkin Arrow
28:40 Bow Saw
31:41 Ballistics
34:41 Wheelbarrow
40:43 Leather Archer Armor
42:51 Guard Tower
Gitu
2:26 Loom
11:11 Feudal Age
11:39 Double-Bit Axe
11:35 Horse Collar
13:31 Wheelbarrow
21:52 Castle Age
21:31 Scale Barding Armor
21:36 Forging
21:58 Bloodlines
24:14 Bow Saw
23:56 Gold Mining
26:04 Husbandry
29:33 Chain Barding Armor
29:48 Iron Casting
31:14 Stone Mining
31:42 Hand Cart
31:30 Heavy Plow
40:15 Imperial Age
39:12 Ballistics
41:58 Chemistry
41:10 Masonry
41:40 Plate Barding Armor
40:30 Cavalier
41:59 Paper Money
46:28 Two-Man Saw
46:36 Crop Rotation
Cuervo
6:39 Loom
9:29 Feudal Age
10:16 Double-Bit Axe
20:36 Castle Age
19:49 Gold Mining
20:20 Stone Mining
21:21 Bloodlines
20:56 Horse Collar
23:17 Fletching
25:39 Bodkin Arrow
25:45 Padded Archer Armor
29:56 Leather Archer Armor
35:54 Imperial Age
34:21 Bow Saw
34:47 Stone Shaft Mining
34:29 Husbandry
37:18 Wheelbarrow
36:31 Cavalier
38:28 Hand Cart
38:34 Scale Barding Armor
38:39 Forging
39:28 Light Cavalry
40:24 Heavy Plow
40:41 Hussar
43:24 Iron Casting
44:00 Town Watch
46:16 Town Patrol
47:19 Blast Furnace
46:41 Chain Barding Armor
CasquetE
7:26 Loom
10:03 Feudal Age
10:38 Double-Bit Axe
20:16 Horse Collar
23:04 Castle Age
21:58 Padded Archer Armor
21:50 Fletching
22:09 Scale Mail Armor
22:22 Stone Mining
23:18 Elite Skirmisher
23:50 Pikeman
27:54 Bow Saw
28:18 Bodkin Arrow
30:54 Scale Barding Armor
31:00 Forging
30:57 Squires
35:57 Imperial Age
34:47 Ballistics
35:06 Leather Archer Armor
37:50 Murder Holes
39:02 Chemistry
41:09 Halberdier
44:04 Wheelbarrow
43:30 Gold Mining
46:14 Conscription
47:23 Bracer
47:54 Ring Archer Armor
47:48 Hand Cart
VZ | Thyrfing
5:44 Loom
9:24 Feudal Age
18:09 Double-Bit Axe
19:43 Fletching
21:21 Padded Archer Armor
21:21 Horse Collar
21:33 Gold Mining
26:43 Castle Age
26:13 Wheelbarrow
26:43 Stone Mining
27:10 Crossbowman
27:55 Thumb Ring
27:52 Bodkin Arrow
31:06 Hand Cart
31:59 Leather Archer Armor
33:27 Ballistics
39:04 Imperial Age
36:38 Town Watch
40:15 Bracer
40:47 Ring Archer Armor
41:22 Chemistry
41:32 Arbalester
47:48 Spies/Treason
Connection lost

Rejoining the realm…

Still unreachable

The connection could not be restored.

Session expired

The server has moved on; the page needs a fresh start.